AoeStats
← Fives

Baltic

510914033Analyzed
2v2 RM · 11h ago on Oct 3, 2026· 61m 46s· 4 players
Game mode
Random Map
Map size
Medium (4 player)
Population
200
Speed
Normal
Resources
Standard
Victory
Conquest
Starting age
Dark Age
Ending age
Imperial Age
RankedLock teamsTeams togetherTeam positionsShared explorationLock speedFull tech treeHidden civsTurbo modeCheats
Victory
Defeat
🇦🇷 Koreans · Argentina
811
+15
🇦🇷 Byzantines · Argentina
809
+16
🇦🇺 Saxons · Australia
838
-17
🇨🇱 Mongols · Chile
760
-14
Fives
11:47 Feudal Age
25:04 Castle Age
24:10 Double-Bit Axe
27:04 Padded Archer Armor
29:00 Gold Mining
30:29 Fletching
35:38 Padded Archer Armor
37:43 Gold Shaft Mining
39:41 Bow Saw
40:10 Wheelbarrow
43:34 Bodkin Arrow
43:55 Leather Archer Armor
52:29 Imperial Age
53:16 Heavy Scorpion
58:05 Elite Hearth Troop
61:18 Shield Wall
DEMBOW
9:21 Feudal Age
10:38 Wheelbarrow
9:50 Double-Bit Axe
10:46 Loom
18:55 Castle Age
18:32 Horse Collar
18:46 Gold Mining
20:31 Bow Saw
25:29 Husbandry
25:42 Bloodlines
30:56 Imperial Age
29:30 Fletching
30:51 Gold Shaft Mining
33:22 Hand Cart
34:22 Conscription
34:35 Forging
34:30 Scale Barding Armor
35:11 Ballistics
34:56 Capped Ram
36:16 Drill
36:54 Siege Ram
38:53 Light Cavalry
39:54 Bodkin Arrow
40:00 Padded Archer Armor
40:35 Iron Casting
40:21 Chain Barding Armor
42:02 Onager
42:25 Elite Mangudai
45:58 Bracer
46:13 Leather Archer Armor
Mapache
2:42 Loom
10:45 Feudal Age
12:06 Horse Collar
16:46 Wheelbarrow
18:44 Castle Age
17:18 Double-Bit Axe
21:11 Medium Warships
22:02 Heavy Plow
22:30 Pikeman
24:14 Fletching
26:55 Fishing Lines
28:55 Hand Cart
29:57 Careening
31:19 Ballistics
33:56 Imperial Age
32:10 Gold Mining
33:11 Caravan
34:23 Forging
35:08 Heavy Warships
35:33 Husbandry
37:04 Conscription
36:46 Cavalier
37:10 Heavy Camel Rider
40:22 Scale Barding Armor
40:56 Light Cavalry
43:06 Crop Rotation
44:28 Paladin
47:02 Clinker Construction
47:16 Dry Dock
52:47 Iron Casting
53:41 Chemistry
55:42 Chain Barding Armor
55:07 Man-at-Arms
57:43 Plate Barding Armor
60:36 Hussar
62:07 Gold Shaft Mining
61:43 Elite Cataphract
Perro
1:36 Loom
2:42 Loom
10:40 Feudal Age
11:15 Double-Bit Axe
12:23 Horse Collar
17:59 Gold Mining
21:12 Castle Age
19:25 Horse Collar
20:45 Fletching
20:54 Fletching
22:24 Medium Warships
22:21 Bodkin Arrow
24:04 Wheelbarrow
23:15 Town Watch
24:38 Bow Saw
27:08 Hand Cart
35:22 Imperial Age
32:54 Town Patrol
33:47 Heavy Plow
36:55 Ballistics
37:35 Chemistry
36:33 Murder Holes
36:48 Masonry
39:12 Sanctity
39:11 Block Printing
39:22 Man-at-Arms
39:25 Pikeman
40:06 Squires
42:26 Halberdier
46:24 Husbandry
45:47 Light Cavalry
47:37 Heavy Warships
49:53 Elite Skirmisher
50:38 Thumb Ring
54:03 Hussar
58:18 Scale Barding Armor
58:15 Bracer
58:26 Forging
Connection lost

Rejoining the realm…

Still unreachable

The connection could not be restored.

Session expired

The server has moved on; the page needs a fresh start.